 Dungeon Crawl Stone Soup version 0.17.1-1-g73c8601 (webtiles) character file.

310 Andry07 the Shield-Bearer (level 6, 0/33 HPs)
             Began as a Vine Stalker Fighter on Jan 1, 2016.
             Slain by a gnoll
             ... wielding a +0 halberd
              (12 damage)
             ... on level 5 of the Dungeon.
             The game lasted 00:03:33 (2702 turns).

Andry07 the Shield-Bearer (Vine Stalker Fighter)    Turns: 2702, Time: 00:03:33

Health: 0/33       AC:  6    Str: 20    XL:     6   Next: 41%
Magic:  0/7        EV:  7    Int:  8    God:
Gold:   156        SH: 10    Dex: 14    Spells: 0 memorised, 5 levels left

rFire  . . .     SeeInvis .     a - +0 flail
rCold  . . .     Clarity  +     b - +0 scale mail
rNeg   . . .     SustAt   .     c - +0 shield
rPois  .         Gourm    .     (no helmet)
rElec  .         Spirit   +     (no cloak)
rCorr  .         Warding  .     (no gloves)
rMut   .         Stasis   .     (no boots)
MR     .....                    s - amulet of clarity
Stlth  ..........               (no ring)
                                (no ring)

@: not resistant to hostile enchantments, extremely unstealthy
A: fangs 2, regeneration 2, magic shield, antimagic bite, no device heal 3, rot
immunity
a: no special abilities


You were on level 5 of the Dungeon.
You were not hungry.

You visited 1 branch of the dungeon, and saw 5 of its levels.

You collected 156 gold pieces.

Inventory:

Hand Weapons
 a - a +0 flail (weapon)
Armour
 b - a +0 scale mail (worn)
 c - a +0 shield (worn)
Jewellery
 s - an amulet of clarity (around neck)
 x - an uncursed amulet of regeneration {unknown}
 A - a cursed ring of flight {unknown}
Wands
 q - a wand of disintegration (13)
 w - a wand of teleportation (2)
Scrolls
 f - 4 scrolls of noise {unknown}
 g - a scroll of amnesia {unknown}
 h - 3 scrolls of blinking {unknown}
 k - 2 scrolls of remove curse {unknown}
 l - 2 scrolls of fog {unknown}
 m - a scroll of random uselessness {unknown}
 n - 2 scrolls of identify {unknown}
 y - a scroll of teleportation {unknown}
Potions
 d - 2 potions of might
 j - a potion of ambrosia {unknown}
 o - a potion of invisibility {unknown}
 p - a potion of agility {unknown}
 t - a potion of curing {unknown}
 u - a potion of berserk rage {unknown}
 v - 2 potions of poison {unknown}
 z - a potion of lignification {unknown}
 B - 2 potions of heal wounds {unknown}
Comestibles
 e - 7 bread rations
 i - 2 meat rations
 r - a beef jerky


   Skills:
 + Level 4.0 Fighting
 + Level 3.8 Maces & Flails
 - Level 2.4 Armour
 + Level 4.3 Shields


You had 5 spell levels left.
You didn't know any spells.

Dungeon Overview and Level Annotations

Branches:
Dungeon (5/15)
 Temple: D:4-7

Altars:
Xom


Innate Abilities, Weirdness & Mutations

You have extremely sharp teeth.
You heal very quickly.
When hurt, damage is shared between your health and your magic reserves.
Your bite disrupts and absorbs the magic of your enemies.
Potions and wands cannot restore your health.
You are immune to rotting.


Message History

The gnoll hits you with a spear!
You hit the gnoll.
The gnoll is almost dead.
The gnoll hits you but does no damage. x2
Your shield and scale mail prevent you from hitting the gnoll.
Your bite misses the gnoll.
The gnoll is almost dead.
You block the gnoll's attack. x2
You barely miss the gnoll. You bite the gnoll, but do no damage.
The gnoll is almost dead.
The gnoll hits you from afar with a spear.
You block the gnoll's attack. x2
You hit the gnoll.
You kill the gnoll!
The gnoll closely misses you.
The gnoll hits you from afar with a halberd!
You block the gnoll's attack.
You closely miss the gnoll.
The gnoll hits you from afar with a halberd!
You die...

#######
#.....#
#.....#
#.....#
####.....####
........<@gg#
###....)##.#
#.....##.#
#.....##g#
♣#######)#
#g# #.# #%#
#.#


You could see 2 gnolls.

Vanquished Creatures
  2 giant frog skeletons (D:4)
  A gnoll shaman (D:5)
  2 orc wizards (D:3)
  A worker ant (D:4)
  4 adders
  3 gnolls (D:5)
  2 adder skeletons (D:4)
  3 worms
  8 orcs
  4 giant cockroaches (D:1)
  6 hobgoblins
  A ball python (D:3)
  7 bats
  7 giant geckos
  A giant gecko skeleton (D:4)
  3 giant newts
  10 goblins
  7 kobolds
  4 rats
76 creatures vanquished.

Vanquished Creatures (others)
  A worker ant (D:4)
1 creature vanquished.

Grand Total: 77 creatures vanquished

Notes
Turn   | Place    | Note
--------------------------------------------------------------
     0 | D:1      | Andry07 the Vine Stalker Fighter began the quest for the Orb.
     0 | D:1      | Reached XP level 1. HP: 11/11 MP: 2/2
    46 | D:1      | Reached XP level 2. HP: 10/16 MP: 3/3
    68 | D:1      | Reached skill level 3 in Shields
   446 | D:2      | Reached XP level 3. HP: 8/19 MP: 1/4
  1057 | D:2      | Reached XP level 4. HP: 24/24 MP: 5/5
  1364 | D:3      | Reached XP level 5. HP: 19/28 MP: 6/6
  2061 | D:4      | Found a shimmering altar of Xom.
  2242 | D:4      | Reached skill level 4 in Shields
  2343 | D:4      | Gained mutation: You heal very quickly. [Vine Stalker growth]
  2343 | D:4      | Reached XP level 6. HP: 33/33 MP: 7/7
  2623 | D:5      | Entered Level 5 of the Dungeon
  2702 | D:5      | Slain by a gnoll

Action                   |  1- 3 |  4- 6 || total
-------------------------+-------+-------++-------
Melee: Flail             |    88 |   159 ||   247
  Eat: Chunk             |       |     6 ||     6
